 Dungeon Crawl Stone Soup version 0.32-a0-975-g85d4e5bfdb (webtiles) character file.

Game seed: 16293795875122398350

9 kae the Changeling (level 2, -1/21 HPs)
             Began as a Demonspawn Shapeshifter on Apr 18, 2024.
             Slain by a kobold
             ... wielding a +0 whip
              (4 damage)
             ... on level 1 of the Dungeon.
             The game lasted 00:00:08 (62 turns).

kae the Changeling (Demonspawn Shapeshifter)          Turns: 62, Time: 00:00:08

Health: -1/21      AC:  2    Str: 14    XL:     2   Next: 3%
Magic:  2/2        EV: 11    Int: 10    God:
Gold:   0          SH:  0    Dex: 12    Spells: 1/1 levels left

rFire   . .          .
                       - Unarmed
rCold   . . .        (no shield)
rNeg    . . .        a - +0 animal skin
rPois   .            (helmet currently unavailable)
rElec   .            (cloak currently unavailable)
rCorr   .            (gloves currently unavailable)
SInv    .            (boots currently unavailable)
Will    .....        (no amulet)
Stlth   +            (no ring)
HPRegen 0.23/turn    (no ring)
MPRegen 0.08/turn

%: no passive effects
@: beast-form
A: beast (slay +1), weakness stinger 1
a: Begin Untransformation


You were on level 1 of the Dungeon.
You were a hulking beast.
You visited 1 branch of the dungeon, and saw 1 of its levels.


Innate Abilities, Weirdness & Mutations

You are a hulking beast.
Your limbs bulge with bestial killing power. (Slay +1)
You have a small tail.


   Skills:
 - Level 1.0 Fighting
 - Level 1.7 Dodging
 + Level 2.9 Unarmed Combat
 * Level 3.0 Shapeshifting


You had one spell level left.
You didn't know any spells.
Your spell library was empty.

Inventory:

Armour
 a - a +0 animal skin (worn)
Talismans
 c - a beast talisman (active)
 d - a flux talisman
Potions
 b - a potion of lignification {!q}

Dungeon Overview and Level Annotations

Branches:
Dungeon (1/15) Zot: 5938

Altars:

#p#.#n# ###.###
#H#.#f# ###.###
#i#.#R#.# .#
###.###.##.#
#g#.#6#.#..
###.###... .
#.#h#B#..###..
###K###.......
####...##.......
.........).......
.........†......#
..!.##............
....#.............
..................
..................


You could see a formicid and a kobold.


Message History

The tengu shouts!
The dwarf shouts!
The oni shouts!
The kobold shouts!
The troll shouts!
The merfolk shouts!
The human shouts!
The minotaur bellows!
The vine stalker shouts!
The djinni shouts!
The gnoll shouts!
The demonspawn shouts!
You open the door.
A frilled lizard, a goblin and a quokka come into view.
The formicid shouts!
The frilled lizard hisses angrily.
There is an open door here.
A dart slug comes into view.
A giant cockroach comes into view.
The goblin hits you with a +0 dagger. 😕 HP[-2]
You take 2 damage, and now have 13/15 hp.
There are monsters nearby!
You hit the goblin.
You kill the goblin!
You hit the dart slug. The dart slug barely misses you.
There are monsters nearby!
You completely miss the dart slug. The frilled lizard barely misses you.
The dart slug bites you.
You hit the dart slug.
The frilled lizard bites you but does no damage.
You hit the dart slug.
You kill the dart slug!
The frilled lizard bites you.
You completely miss the frilled lizard. The frilled lizard bites you.
There are monsters nearby! 😮 HP[-4]
You take 4 damage, and now have 9/15 hp.
MASSIVE DAMAGE!! (PAUSE)
You miss the frilled lizard. The giant cockroach bites you.
The frilled lizard bites you.
* * * LOW HITPOINT WARNING * * *
😨 HP[-4]
You take 4 damage, and now have 5/15 hp.
MASSIVE DAMAGE!! (PAUSE)
You hit the frilled lizard.
You kill the frilled lizard!
The giant cockroach closely misses you. 😨 HP[+1] Unknown command.
You closely miss the giant cockroach. The giant cockroach bites you.
* * * LOW HITPOINT WARNING * * *
😨 HP[-1]
You take 1 damage, and now have 5/15 hp.
You barely miss the giant cockroach. The giant cockroach bites you.
* * * LOW HITPOINT WARNING * * *
😱 HP[-2]
You take 2 damage, and now have 3/15 hp.
Unknown command.
You hit the giant cockroach. The giant cockroach misses you.
You hit the giant cockroach.
You kill the giant cockroach!
A hobgoblin and a kobold come into view.
The hobgoblin shouts!
The kobold shouts!
You see here a +0 dagger. 😨 HP[+1]
There are monsters nearby!
There are monsters nearby!
There is an open door here. 😨 HP[+1]
You close the door.
You start resting.
A hobgoblin opens the door. 😨 HP[+1]
You hit the quokka. The quokka bites you.
* * * LOW HITPOINT WARNING * * *
😨 HP[-2]
You take 2 damage, and now have 4/15 hp.
You hit the quokka.
You kill the quokka!
Your Shapeshifting skill increases to level 3!
Unknown command.
You hit the hobgoblin but do no damage. The hobgoblin hits you.
* * * LOW HITPOINT WARNING * * *
😱 HP[-1]
You take 1 damage, and now have 3/15 hp.
You barely miss the hobgoblin. The hobgoblin closely misses you.
You hit the hobgoblin.
You kill the hobgoblin!
You have reached level 2!
You feel monstrous as your demonic heritage exerts itself.
Your demonic ancestry asserts itself...
You grow a small tail. 😱 HP[+2] MP[+1]
You now have 21 max hp (+6).
You regained 2 hp, and now have 5/21 hp.
Your mp is fully restored (2).
You hit the kobold but do no damage. The kobold hits you with a +0 whip.
* * * LOW HITPOINT WARNING * * *
😱 HP[-2]
You take 2 damage, and now have 3/21 hp.
You closely miss the kobold.
Your tail-slap misses the kobold.
The kobold hits you with a +0 whip.
You die...

Skill      XL: |  1 |
---------------+----+-----
Shapeshifting  | 3 |  3.0
Fighting       | |  1.0
Dodging        | |  1.7
Unarmed Combat | |  2.9

Action                     || total
---------------------------++-------
  Melee: Unarmed           ||    19
 Armour: Animal skin       ||    13
  Dodge: Dodged            ||     5

Levels and vault maps discovered:
D:1:      kb_arrival_jail, layout_rooms, serial_shops, shop

Notes
Turn   | Place    | Note
-------+----------+-------------------------------------------
     0 | D:1      | kae the Demonspawn Shapeshifter began the quest for the
                  | Orb.
     0 | D:1      | Reached XP level 1. HP: 15/15 MP: 1/1
     0 | D:1      | magus.rc [v1.11.3]
     2 | D:1      | Noticed a felid
     4 | D:1      | Noticed a barachi
     6 | D:1      | Noticed a draconian
     6 | D:1      | Noticed a naga
     8 | D:1      | Noticed an armataur
     8 | D:1      | Noticed an octopode
    10 | D:1      | Noticed an elf
    10 | D:1      | Noticed a demigod
    12 | D:1      | Noticed a tengu
    12 | D:1      | Noticed a vampire
    14 | D:1      | Noticed an oni
    14 | D:1      | Noticed a dwarf
    16 | D:1      | Noticed a gargoyle
    18 | D:1      | Noticed a troll
    18 | D:1      | Noticed a merfolk
    20 | D:1      | Noticed a human
    20 | D:1      | Noticed a ghoul
    22 | D:1      | Noticed a minotaur
    22 | D:1      | Noticed a vine stalker
    24 | D:1      | Noticed a spriggan
    24 | D:1      | Noticed a djinni
    26 | D:1      | Noticed a demonspawn
    28 | D:1      | Noticed a formicid
    43 | D:1      | HP: 3/15 [giant cockroach (2)]
    58 | D:1      | Reached skill level 3 in Shapeshifting
    58 | D:1      | HP: 3/15 [hobgoblin (1)]
    61 | D:1      | You feel monstrous as your demonic heritage exerts itself.
    61 | D:1      | Discovered your monstrous ancestry.
    61 | D:1      | Gained mutation: You have a small tail. [demonic ancestry]
    61 | D:1      | Reached XP level 2. HP: 5/21 MP: 2/2
    62 | D:1      | Slain by a kobold

Vanquished Creatures
  A dart slug (D:1)
  A giant cockroach (D:1)
  A goblin (D:1)
  A hobgoblin (D:1)
  A quokka (D:1)
  A frilled lizard (D:1)
6 creatures vanquished.

Table legend:
 A = Non-vault XP
 B = Vault XP
 C = Vault XP percentage of total XP
 D = Non-vault monster count
 E = Vault monster count
 F = Vault count percentage of total count
                 A         B        C        D         E       F
            +---------+---------+-------+---------+---------+-------
      Total |      13 |       0 |   0.0 |       6 |       0 |   0.0
            +---------+---------+-------+---------+---------+-------
        D:1 |      13 |       0 |   0.0 |       6 |       0 |   0.0
            +---------+---------+-------+---------+---------+-------

Skill      XL: |  1 |
---------------+----+-----
Shapeshifting  | 3 |  3.0
Fighting       | |  1.0
Dodging        | |  1.7
Unarmed Combat | |  2.9

Action                     || total
---------------------------++-------
  Melee: Unarmed           ||    19
 Armour: Animal skin       ||    13
  Dodge: Dodged            ||     5

Illustrated notes

Table legend:
 A = Kills in this place as a percentage of kills in the entire game.
 B = Kills by you in this place as a percentage of kills by you in the entire game.
 C = Kills by friends in this place as a percentage of kills by friends in the entire game.
 D = Other kills in this place as a percentage of other kills in the entire game.
 E = Experience gained in this place as a percentage of experience gained in the entire game.
 F = Experience gained in this place divided by the number of levels of this place that you have seen.
                   A       B       C       D       E      F
               +-------+-------+-------+-------+-------+----------------------
         Total | 100.0 | 100.0 |   N/A |   N/A | 100.0 |  13.0
       Dungeon | 100.0 | 100.0 |   N/A |   N/A | 100.0 |  13.0
               +-------+-------+-------+-------+-------+----------------------

Table legend: (Time is in decaauts)
 A = Elapsed time spent in this place.
 B = Non-inter-level travel time spent in this place.
 C = Inter-level travel time spent in this place.
 D = Time resting spent in this place.
 E = Time spent auto-exploring this place.
 F = Levels seen in this place.
 G = Mean time per level.
                   A        B        C        D        E       F      G
               +--------+--------+--------+--------+--------+-----+--------+
         Total |     60 |     60 |      0 |      4 |     31 |   1 |   60.0 |
       Dungeon |     60 |     60 |      0 |      4 |     31 |   1 |   60.0 |
               +--------+--------+--------+--------+--------+-----+--------+

Top non-repeatable levels by time:
     D:1: 60 daAuts
